 Dungeon Crawl Stone Soup version 0.29.0-4-gdea44cf6ec (webtiles) character file.

Game seed: 11334610133272834806

5906 qw the Cleaver (level 10, -8/60 HPs)
             Began as a Tengu Warper on Aug 28, 2022.
             Was a High Priest of Okawaru.
             Killed from afar by an oklob plant (29 damage)
             ... with a splash of acid
             ... on level 1 of the Lair of Beasts.
             The game lasted 00:01:05 (8886 turns).

qw the Cleaver (Tengu Warper)                       Turns: 8886, Time: 00:01:06

Health: -8/60      AC: 11    Str: 15    XL:     10   Next: 82%
Magic:  8/15       EV:  9    Int: 13    God:    Okawaru [*****.]
Gold:   455        SH:  0    Dex: 15    Spells: 13/13 levels left

rFire   . . .      SeeInvis .   i - +3 hand axe (vamp)
rCold   . . .      Faith    .   (no shield)
rNeg    . . .      Spirit   .   p - +1 plate armour
rPois   +          Reflect  .   (helmet restricted)
rElec   .          Harm     .   (no cloak)
rCorr   .          Rampage  .   g - +2 pair of gloves
Will    .....                   (boots unavailable)
Stlth   ..........              (no amulet)
HPRegen 0.20/turn               c - ring of poison resistance
MPRegen 0.14/turn               o - +4 ring of slaying {mikee}

@: heroic, finesse-ful, corroded, flying quickly and evasively, quick
A: beak, talons 3, nimble flight, antennae 2
a: Renounce Religion, Heroism, Finesse, Duel


You were on level 1 of the Lair of Beasts.
You worshipped Okawaru.
Okawaru was extremely pleased with you.
You visited 3 branches of the dungeon, and saw 10 of its levels.

You collected 488 gold pieces.
You spent 33 gold pieces at shops.


Innate Abilities, Weirdness & Mutations

You have a beak for a mouth.
You have claws for feet.
Your magical nature lets you fly swiftly and evasively.
You have a pair of antennae on your head.


   Skills:
 - Level 6.1(11.1) Fighting
 + Level 12.6(17.6) Axes
 - Level 1.0(6.0) Throwing
 - Level 6.1(11.1) Armour
 - Level 3.2(8.2) Dodging
 - Level 2.0 Spellcasting
 - Level 2.4 Translocations
 + Level 6.6 Invocations


You had 13 spell levels left.
You didn't know any spells.
Your spell library contained the following spells:

 Spells                   Type           Power      Damage    Failure   Level
 Blink                    Tloc           14%        N/A       99%         2
 Gell's Gravitas          Tloc           7%         N/A       100%        3
 Lesser Beckoning         Tloc           7%         N/A       100%        3
 Teleport Other           Tloc           7%         N/A       100%        3
 Manifold Assault         Tloc           7%         N/A       100%        5

Inventory:

Hand Weapons
 i - a +3 vampiric hand axe (weapon)
 q - a +4 morningstar
Missiles
 r - 2 boomerangs (quivered)
Armour
 g - a +2 pair of gloves (worn)
 h - a +2 pair of gloves
 m - the +1 ring mail of Snakes and Ladders {rF+++ Will- Int-3}
   (You found it on level 2 of the Dungeon)

   Int:       It affects your intelligence (-3).
   rF:        It renders you almost immune to fire.
   Will:      It decreases your willpower.
 p - a +1 plate armour (worn)
Jewellery
 c - a ring of poison resistance (left hand)
 n - a +6 ring of dexterity
 o - a +4 ring of slaying (right hand) {mikee}
 Y - a ring of protection from cold
Scrolls
 d - 3 scrolls of teleportation
 k - 3 scrolls of identify
Potions
 a - a potion of heal wounds
 b - a potion of mutation
 e - 2 potions of haste
 f - a potion of magic
 l - 7 potions of curing

Dungeon Overview and Level Annotations

Branches:
Dungeon (8/15)             Temple (1/1) D:4            Lair (1/5) D:8

Altars:
Ashenzari
Cheibriados
Dithmenos
Elyvilon
Fedhas
Gozag
Hepliaklqana
Kikubaaqudgha
Makhleb
Nemelex Xobeh
Okawaru
Qazlal
Ru
Sif Muna
Uskayaw
Vehumet
Wu Jian
Xom
Yredelemnul
The Shining One
Lugonu

Shops:
D:8 **


Message History

The splash of acid misses you.
An oklob plant comes into view.
The oklob plant spits acid at you.
The splash of acid hits you but does no damage.
The acid corrodes you! The oklob plant spits acid at you.
The splash of acid hits you! The acid corrodes you!
You see here 14 gold pieces.
You hit the oklob plant but do no damage.
You claw the oklob plant.
The oklob plant is lightly damaged.
The oklob plant spits acid at you. The splash of acid hits you!
You hit the oklob plant.
You feel better.
You claw the oklob plant. You peck the oklob plant.
The oklob plant is lightly damaged.
You hit the oklob plant but do no damage.
You claw the oklob plant.
You peck the oklob plant, but do no damage.
The oklob plant is lightly damaged.
You hit the oklob plant. You claw the oklob plant.
The oklob plant is moderately damaged.
The oklob plant spits acid at you. The splash of acid hits you!!
You hit the oklob plant but do no damage.
You peck the oklob plant, but do no damage.
The oklob plant is moderately damaged.
You hit the oklob plant but do no damage.
You claw the oklob plant.
The oklob plant is moderately damaged.
You hit the oklob plant but do no damage.
You claw the oklob plant.
The oklob plant is moderately damaged.
You hit the oklob plant but do no damage.
You claw the oklob plant, but do no damage.
You peck the oklob plant, but do no damage.
The oklob plant is moderately damaged.
The oklob plant spits acid at you. The splash of acid hits you!!
You die... 777

##### 77.7777777 #P#.#
7.7.77P$.777#...# #####
77.7777@_$77P..<# ....##
7.7.77...$77....#
.....####7.77.7.77P77.####
#.....#...77.7.77 777....#
#.....#..7777.77 77%...#
#.....#...7 77 777.7#..#
#.###.....# #####...##..#
### #.#...####....%...#..#
##.##%###...###...../....#


You could see 2 oklob plants.

Vanquished Creatures
  A komodo dragon (Lair:1)
  5 blink frogs (Lair:1)
  3 wyverns (D:8)
  A vampire (D:8)
  A yak (D:8)
  3 steam dragons
  3 water moccasins (D:8)
  2 black bears
  An ice beast (D:7)
  3 ogres
  2 centaurs
  A phantom (D:6)
  6 bullfrogs
  4 scorpions
  2 necrophages
  3 water moccasin zombies (D:4)
  2 wights (D:4)
  8 killer bees
  An electric eel (D:6)
  A bullfrog zombie (D:4)
  6 hounds
  3 jellies
  A gnoll bouda (D:6)
  A human zombie (D:4)
  An orc priest (D:6)
  7 iguanas
  7 orc wizards
  A hound zombie (D:4)
  2 mummies
  A hound skeleton (D:6)
  A howler monkey zombie (D:4)
  16 gnolls
  5 adders
  A white imp (D:8)
  2 ufetubi
  2 adder zombies (D:4)
  2 worms
  10 dart slugs
  16 orcs
  14 endoplasms
  3 giant cockroaches
  6 goblins
  2 hobgoblins
  8 jackals
  7 kobolds
  2 quokkas (D:4)
  4 ball pythons
  7 bats
  5 frilled lizards
  5 rats
201 creatures vanquished.

Vanquished Creatures (others)
  20 fungi (D:8)
  15 plants (D:8)
35 creatures vanquished.

Grand Total: 236 creatures vanquished

Notes
Turn   | Place    | Note
-------+----------+-------------------------------------------
     0 | D:1      | qw the Tengu Warper began the quest for the Orb.
     0 | D:1      | Reached XP level 1. HP: 12/12 MP: 4/4
     0 | D:1      | 0 ||| qw: Version: 0.1-a-89-g26bdef1
     0 | D:1      | 0 ||| qw: Game counter: 1876
     0 | D:1      | 0 ||| qw: Always use a shield: true
     0 | D:1      | 0 ||| qw: God list: Okawaru
     0 | D:1      | 0 ||| qw: Allow faded altars: false
     0 | D:1      | 0 ||| qw: Do Orc after D:15 true
     0 | D:1      | 0 ||| qw: Do second Lair branch before Depths: true
     0 | D:1      | 0 ||| qw: Lair rune preference: random
     0 | D:1      | 0 ||| qw: Plans: Normal
     0 | D:1      | 0 ||| PLANNING D:1-11
    86 | D:1      | 86 ||| Stepping ~*~*~tactically~*~*~ (stealth).
    96 | D:1      | Reached XP level 2. HP: 17/17 MP: 6/6
   125 | D:1      | Reached skill level 3 in Axes
   194 | D:1      | 194 ||| Stepping ~*~*~tactically~*~*~ (stealth).
   439 | D:1      | 439 ||| Stepping ~*~*~tactically~*~*~ (hiding).
   541 | D:1      | 541 ||| Stepping ~*~*~tactically~*~*~ (hiding).
   615 | D:1      | 615 ||| Stepping ~*~*~tactically~*~*~ (stealth).
   717 | D:1      | Reached XP level 3. HP: 19/21 MP: 7/7
   754 | D:1      | 754 ||| Stepping ~*~*~tactically~*~*~ (stealth).
   765 | D:1      | 765 ||| Stepping ~*~*~tactically~*~*~ (stealth).
   766 | D:1      | 766 ||| Stepping ~*~*~tactically~*~*~ (stealth).
   884 | D:1      | 884 ||| Stepping ~*~*~tactically~*~*~ (stealth).
   885 | D:1      | 885 ||| Stepping ~*~*~tactically~*~*~ (stealth).
   898 | D:1      | Reached skill level 4 in Axes
  1175 | D:1      | 1175 ||| UPGRADING to +0 pair of gloves.
  1180 | D:1      | 1180 ||| UPGRADING to +0 ring mail.
  1190 | D:1      | 1190 ||| DROPPING +0 leather armour.
  1191 | D:1      | 1191 ||| UPGRADING to amulet of guardian spirit.
  1196 | D:1      | 1196 ||| UPGRADING to +4 ring of slaying {mikee}.
  1197 | D:1      | 1197 ||| READING scroll labelled METISE REGEGE.
  1198 | D:1      | 1198 ||| READING 3 scrolls labelled ODIBYI BOITIS.
  1199 | D:1      | 1199 ||| READING scroll labelled BOONNY MIDWEKH.
  1200 | D:1      | 1200 ||| READING scroll labelled VAEPA ZOFRANYTZ.
  1201 | D:1      | 1201 ||| READING 2 scrolls of identify.
  1201 | D:1      | 1201 ||| IDENTIFYING ruby potion
  1202 | D:1      | 1202 ||| DROPPING scroll of blinking.
  1274 | D:2      | 1274 ||| DROPPING +0 club.
  1347 | D:2      | Identified the +1 ring mail of Snakes and Ladders {rF+++
                  | Will- Int-3}
  1411 | D:2      | 1411 ||| READING scroll of enchant weapon.
  1411 | D:2      | 1411 ||| ENCHANTING +0 vampiric hand axe.
  1451 | D:2      | Reached skill level 5 in Axes
  1451 | D:2      | Reached XP level 4. HP: 21/26 MP: 4/8
  1529 | D:2      | 1529 ||| FLEEEEING.
  1530 | D:2      | 1530 ||| FLEEEEING.
  1531 | D:2      | 1531 ||| FLEEEEING.
  1532 | D:2      | 1532 ||| FLEEEEING.
  1533 | D:2      | 1533 ||| FLEEEEING.
  1534 | D:2      | 1534 ||| FLEEEEING.
  1535 | D:2      | 1535 ||| FLEEEEING.
  1536 | D:2      | 1536 ||| FLEEEEING.
  1537 | D:2      | 1537 ||| FLEEEEING.
  1538 | D:2      | 1538 ||| FLEEEEING.
  1539 | D:2      | 1539 ||| FLEEEEING.
  1540 | D:2      | 1540 ||| FLEEEEING.
  1541 | D:2      | 1541 ||| FLEEEEING.
  1542 | D:2      | 1542 ||| FLEEEEING.
  1543 | D:2      | 1543 ||| FLEEEEING.
  1544 | D:2      | 1544 ||| FLEEEEING.
  1545 | D:2      | 1545 ||| FLEEEEING.
  1546 | D:2      | 1546 ||| FLEEEEING.
  1548 | D:2      | 1548 ||| STAIRDANCE
  1587 | D:1      | 1587 ||| UPGRADING to +0 scale mail.
  1597 | D:1      | 1597 ||| DROPPING +0 ring mail.
  1598 | D:1      | 1598 ||| UPGRADING to +1 ring mail of Snakes and Ladders
                  | {rF+++ Will- Int-3}.
  1608 | D:1      | 1608 ||| UPGRADING to ring of protection from cold.
  1609 | D:1      | 1609 ||| READING scroll labelled BEIXZUD URPHI.
  1614 | D:1      | 1614 ||| READING scroll labelled TONGIW LIUSM.
  1615 | D:1      | 1615 ||| READING scroll labelled DIOTRU GEFUWNIE.
  1850 | D:2      | 1850 ||| Stepping ~*~*~tactically~*~*~ (stealth).
  1891 | D:2      | 1891 ||| DROPPING +0 mace.
  1908 | D:2      | Gained mutation: Your magical nature lets you fly swiftly
                  | and evasively. [Tengu growth]
  1908 | D:2      | Reached XP level 5. HP: 30/30 MP: 9/9
  1913 | D:2      | 1913 ||| READING scroll of enchant weapon.
  1913 | D:2      | 1913 ||| ENCHANTING +1 vampiric hand axe.
  2112 | D:3      | Reached skill level 6 in Axes
  2125 | D:3      | 2125 ||| Stepping ~*~*~tactically~*~*~ (hiding).
  2129 | D:3      | 2129 ||| Stepping ~*~*~tactically~*~*~ (hiding).
  2130 | D:3      | 2130 ||| Stepping ~*~*~tactically~*~*~ (hiding).
  2131 | D:3      | 2131 ||| Stepping ~*~*~tactically~*~*~ (hiding).
  2144 | D:3      | 2144 ||| Stepping ~*~*~tactically~*~*~ (stealth).
  2145 | D:3      | 2145 ||| Stepping ~*~*~tactically~*~*~ (stealth).
  2146 | D:3      | 2146 ||| Stepping ~*~*~tactically~*~*~ (stealth).
  2216 | D:3      | 2216 ||| Stepping ~*~*~tactically~*~*~ (stealth).
  2270 | D:3      | 2270 ||| Stepping ~*~*~tactically~*~*~ (stealth).
  2376 | D:3      | 2376 ||| FLEEEEING.
  2377 | D:3      | 2377 ||| Stepping ~*~*~tactically~*~*~ (hiding).
  2382 | D:3      | 2382 ||| Stepping ~*~*~tactically~*~*~ (hiding).
  2463 | D:3      | Found a faded altar of an unknown god.
  2504 | D:3      | 2504 ||| Stepping ~*~*~tactically~*~*~ (hiding).
  2505 | D:3      | 2505 ||| Stepping ~*~*~tactically~*~*~ (hiding).
  2619 | D:3      | Found a hazy altar of Hepliaklqana.
  2619 | D:3      | Found a shadowy altar of Dithmenos.
  2619 | D:3      | Found a white marble altar of Elyvilon.
  2619 | D:3      | Found a sparkling altar of Nemelex Xobeh.
  2633 | D:3      | Found a broken altar of Ashenzari.
  2638 | D:3      | Found a shimmering altar of Xom.
  2662 | D:3      | Found a snail-covered altar of Cheibriados.
  2712 | D:3      | 2712 ||| Stepping ~*~*~tactically~*~*~ (hiding).
  2832 | D:3      | 2832 ||| Stepping ~*~*~tactically~*~*~ (stealth).
  2834 | D:3      | 2834 ||| Stepping ~*~*~tactically~*~*~ (stealth).
  2837 | D:3      | 2837 ||| Stepping ~*~*~tactically~*~*~ (stealth).
  2843 | D:3      | Reached XP level 6. HP: 34/35 MP: 10/10
  2845 | D:3      | 2845 ||| Stepping ~*~*~tactically~*~*~ (stealth).
  2857 | D:3      | 2857 ||| FLEEEEING.
  2860 | D:3      | 2860 ||| Stepping ~*~*~tactically~*~*~ (stealth).
  2863 | D:3      | 2863 ||| Stepping ~*~*~tactically~*~*~ (stealth).
  2864 | D:3      | 2864 ||| Stepping ~*~*~tactically~*~*~ (stealth).
  2865 | D:3      | 2865 ||| Stepping ~*~*~tactically~*~*~ (stealth).
  3064 | D:3      | 3064 ||| READING 2 scrolls of identify.
  3064 | D:3      | 3064 ||| IDENTIFYING brown potion
  3077 | D:4      | 3077 ||| STAIRDANCE
  3082 | D:4      | 3082 ||| STAIRDANCE
  3125 | D:4      | Reached skill level 7 in Axes
  3131 | D:4      | Found an opulent altar of Gozag.
  3205 | D:4      | Found a staircase to the Ecumenical Temple.
  3206 | D:4      | 3206 ||| PLANNING TEMPLE
  3206 | D:4      | 3206 ||| DROPPING +0 scale mail.
  3207 | D:4      | 3207 ||| UPGRADING to +0 plate armour.
  3217 | D:4      | 3217 ||| READING scroll labelled HOIMADDEIST.
  3340 | Temple   | Entered the Ecumenical Temple
  3352 | Temple   | Became a worshipper of Warmaster Okawaru
  3353 | Temple   | 3353 ||| REMOVING amulet of guardian spirit.
  3375 | Temple   | 3375 ||| PLANNING D:1-11
  3375 | Temple   | 3375 ||| DROPPING amulet of guardian spirit.
  3752 | D:4      | Reached skill level 3 in Armour
  3784 | D:4      | Reached XP level 7. HP: 40/40 MP: 11/11
  3790 | D:4      | Reached skill level 3 in Fighting
  3923 | D:4      | Reached * piety under Okawaru
  3984 | D:4      | 3984 ||| INVOKING Heroism.
  3986 | D:4      | Reached skill level 1 in Invocations
  4081 | D:4      | 4081 ||| DROPPING +0 flail.
  4104 | D:4      | Reached skill level 8 in Axes
  4110 | D:4      | Found a basalt altar of Yredelemnul.
  4276 | D:4      | Found a shimmering blue altar of Sif Muna.
  4315 | D:4      | 4315 ||| READING 2 scrolls labelled BIUPRI EREAXE.
  4316 | D:4      | 4316 ||| READING scroll of enchant armour.
  4316 | D:4      | 4316 ||| ENCHANTING +0 pair of gloves.
  4317 | D:4      | 4317 ||| READING scroll labelled GUINWI ROBO.
  4318 | D:4      | 4318 ||| DRINKING 2 smoky coppery potions.
  4318 | D:4      | Gained mutation: Your body sometimes deteriorates upon
                  | taking damage. [potion of mutation]
  4318 | D:4      | Gained mutation: You are clumsy. (Dex -2) [potion of
                  | mutation]
  4318 | D:4      | Gained mutation: Your body often deteriorates upon taking
                  | damage. [potion of mutation]
  4319 | D:4      | 4319 ||| DRINKING potion of mutation.
  4319 | D:4      | Lost mutation: Your body often deteriorates upon taking
                  | damage. [potion of mutation]
  4319 | D:4      | Lost mutation: Your body sometimes deteriorates upon taking
                  | damage. [potion of mutation]
  4319 | D:4      | Lost mutation: You are clumsy. (Dex -2) [potion of
                  | mutation]
  4319 | D:4      | Gained mutation: You have a pair of small antennae on your
                  | head. [potion of mutation]
  4319 | D:4      | Gained mutation: You have a pair of antennae on your head.
                  | [potion of mutation]
  4320 | D:4      | 4320 ||| DRINKING 3 dark potions.
  4321 | D:4      | 4321 ||| READING 2 scrolls of identify.
  4321 | D:4      | 4321 ||| IDENTIFYING fizzy inky potion
  4322 | D:4      | 4322 ||| DROPPING potion of lignification.
  4332 | D:5      | Entered Level 5 of the Dungeon
  4342 | D:5      | 4342 ||| Stepping ~*~*~tactically~*~*~ (hiding).
  4346 | D:5      | 4346 ||| INVOKING Heroism.
  4355 | D:5      | Reached XP level 8. HP: 46/46 MP: 9/12
  4406 | D:5      | 4406 ||| INVOKING Heroism.
  4448 | D:5      | Reached skill level 3 in Invocations
  4605 | D:5      | 4605 ||| INVOKING Heroism.
  4611 | D:5      | Reached ** piety under Okawaru
  4815 | D:5      | 4815 ||| Stepping ~*~*~tactically~*~*~ (hiding).
  5332 | D:5      | 5332 ||| READING scroll labelled HEFFIUB HOBOOTU.
  5333 | D:5      | 5333 ||| READING scroll labelled GATWEX COEMM.
  5334 | D:5      | 5334 ||| DRINKING 2 bubbling puce potions.
  5335 | D:5      | 5335 ||| READING 4 scrolls of identify.
  5335 | D:5      | 5335 ||| IDENTIFYING fizzy orange potion
  5336 | D:5      | 5336 ||| DROPPING potion of brilliance.
  5337 | D:5      | 5337 ||| DROPPING potion of attraction.
  5338 | D:5      | 5338 ||| READING scroll of teleportation.
  5412 | D:6      | 5412 ||| INVOKING Heroism.
  5416 | D:6      | 5416 ||| Stepping ~*~*~tactically~*~*~ (stealth).
  5492 | D:6      | 5492 ||| Stepping ~*~*~tactically~*~*~ (stealth).
  5496 | D:6      | 5496 ||| Stepping ~*~*~tactically~*~*~ (hiding).
  5499 | D:6      | 5499 ||| Stepping ~*~*~tactically~*~*~ (hiding).
  5560 | D:6      | Reached skill level 9 in Axes
  5560 | D:6      | 5560 ||| Stepping ~*~*~tactically~*~*~ (hiding).
  5591 | D:6      | 5591 ||| Stepping ~*~*~tactically~*~*~ (stealth).
  5615 | D:6      | 5615 ||| INVOKING Heroism.
  5623 | D:6      | 5623 ||| Stepping ~*~*~tactically~*~*~ (cloud).
  5634 | D:6      | Reached XP level 9. HP: 37/53 MP: 11/13
  5637 | D:6      | 5637 ||| Stepping ~*~*~tactically~*~*~ (hiding).
  5638 | D:6      | 5638 ||| Stepping ~*~*~tactically~*~*~ (hiding).
  5639 | D:6      | 5639 ||| Stepping ~*~*~tactically~*~*~ (hiding).
  5668 | D:6      | 5668 ||| FLEEEEING.
  5669 | D:6      | 5669 ||| FLEEEEING.
  5670 | D:6      | 5670 ||| FLEEEEING.
  5671 | D:6      | 5671 ||| INVOKING Heroism.
  5727 | D:6      | 5727 ||| FLEEEEING.
  5728 | D:6      | 5728 ||| FLEEEEING.
  5729 | D:6      | 5729 ||| STAIRDANCE
  5831 | D:6      | Reached skill level 10 in Axes
  5831 | D:6      | 5831 ||| STAIRDANCE
  5970 | D:6      | 5970 ||| Stepping ~*~*~tactically~*~*~ (hiding).
  5973 | D:6      | 5973 ||| INVOKING Heroism.
  5978 | D:6      | Reached *** piety under Okawaru
  6016 | D:6      | 6016 ||| READING 2 scrolls of enchant armour.
  6016 | D:6      | 6016 ||| ENCHANTING +1 pair of gloves.
  6017 | D:6      | 6017 ||| READING scroll of enchant armour.
  6017 | D:6      | 6017 ||| ENCHANTING +0 plate armour.
  6031 | D:6      | 6031 ||| Stepping ~*~*~tactically~*~*~ (stealth).
  6032 | D:6      | 6032 ||| Stepping ~*~*~tactically~*~*~ (stealth).
  6034 | D:6      | 6034 ||| INVOKING Heroism.
  6035 | D:6      | 6035 ||| Stepping ~*~*~tactically~*~*~ (hiding).
  6060 | D:6      | 6060 ||| Stepping ~*~*~tactically~*~*~ (hiding).
  6062 | D:6      | 6062 ||| INVOKING Heroism.
  6070 | D:6      | 6070 ||| Stepping ~*~*~tactically~*~*~ (stealth).
  6071 | D:6      | 6071 ||| Stepping ~*~*~tactically~*~*~ (stealth).
  6073 | D:6      | 6073 ||| Stepping ~*~*~tactically~*~*~ (stealth).
  6169 | D:6      | Identified the +3 leather armour of Distant Shores {rCorr}
  6245 | D:6      | Found a radiant altar of Vehumet.
  6420 | D:6      | Found a burning altar of Makhleb.
  6572 | D:7      | 6572 ||| INVOKING Heroism.
  6575 | D:7      | HP: 13/54 [poisoned by a killer bee]
  6576 | D:7      | 6576 ||| DRINKING 2 potions of heal wounds.
  6847 | D:7      | 6847 ||| INVOKING Heroism.
  6850 | D:7      | Reached skill level 11 in Axes
  6850 | D:7      | 6850 ||| Stepping ~*~*~tactically~*~*~ (cloud).
  6968 | D:7      | Identified the +2 ring mail of Exclusion {Stlth+}
  7147 | D:7      | 7147 ||| INVOKING Heroism.
  7205 | D:7      | 7205 ||| READING scroll of enchant weapon.
  7205 | D:7      | 7205 ||| ENCHANTING +2 vampiric hand axe.
  7219 | D:7      | 7219 ||| INVOKING Heroism.
  7254 | D:7      | 7254 ||| INVOKING Heroism.
  7396 | D:7      | 7396 ||| UPGRADING to ring of poison resistance.
  7398 | D:7      | 7398 ||| UPGRADING to +4 ring of slaying {mikee}.
  7407 | D:8      | 7407 ||| INVOKING Heroism.
  7426 | D:8      | Reached skill level 12 in Axes
  7429 | D:8      | Reached XP level 10. HP: 59/59 MP: 12/14
  7442 | D:8      | 7442 ||| Stepping ~*~*~tactically~*~*~ (stealth).
  7449 | D:8      | Reached **** piety under Okawaru
  7538 | D:8      | Reached skill level 6 in Armour
  7575 | D:8      | Reached skill level 3 in Dodging
  7677 | D:8      | Found a staircase to the Lair.
  7686 | D:8      | 7686 ||| INVOKING Heroism.
  7702 | D:8      | HP: 12/59 [poisoned by a killer bee]
  7707 | D:8      | HP: 6/59 [poisoned by a killer bee]
  8095 | D:8      | 8095 ||| Stepping ~*~*~tactically~*~*~ (hiding).
  8449 | D:8      | Found Zamoacot's Specific Store.
  8451 | D:8      | Found Aroploum's General Store.
  8461 | D:8      | 8461 ||| BUYING potion of curing (33 gold).
  8461 | D:8      | Bought a potion of curing for 33 gold pieces
  8539 | D:8      | 8539 ||| PLANNING LAIR
  8539 | D:8      | 8539 ||| DROPPING ring of positive energy.
  8540 | D:8      | 8540 ||| READING 6 scrolls of identify.
  8540 | D:8      | 8540 ||| IDENTIFYING clear potion
  8541 | D:8      | 8541 ||| READING 5 scrolls of identify.
  8541 | D:8      | 8541 ||| IDENTIFYING sedimented black potion
  8542 | D:8      | 8542 ||| READING 4 scrolls of identify.
  8542 | D:8      | 8542 ||| IDENTIFYING golden potion
  8543 | D:8      | 8543 ||| DROPPING potion of berserk rage.
  8544 | D:8      | 8544 ||| DROPPING potion of ambrosia.
  8596 | Lair:1   | Entered Level 1 of the Lair of Beasts
  8601 | Lair:1   | 8601 ||| INVOKING Heroism.
  8602 | Lair:1   | 8602 ||| Stepping ~*~*~tactically~*~*~ (stealth).
  8611 | Lair:1   | Reached skill level 6 in Fighting
  8617 | Lair:1   | Reached skill level 6 in Invocations
  8624 | Lair:1   | Reached ***** piety under Okawaru
  8633 | Lair:1   | 8633 ||| INVOKING Heroism.
  8872 | Lair:1   | Found a blossoming altar of Fedhas.
  8874 | Lair:1   | Noticed an oklob plant
  8875 | Lair:1   | 8875 ||| INVOKING Heroism.
  8876 | Lair:1   | 8876 ||| INVOKING Finesse.
  8877 | Lair:1   | Noticed an oklob plant
  8886 | Lair:1   | Killed from afar by an oklob plant

Levels and vault maps discovered:
D:1:      minmay_arrival_four_loops, layout_basic
D:2:      layout_basic
D:3:      layout_basic, slow_altar_2, minmay_overflow_temple_hex,
          hellmonk_ecumenical_altar_arch_garden
D:4:      layout_rooms, mainiacjoe_overflow_brackets,
          lemuel_mausoleum_altar_yredelemnul, nicolae_gozag_seed_capital,
          minmay_temple_entry_wispy
D:5:      layout_basic
D:6:      kennysheep_slugbush, layout_loops_ring, nicolae_vehumet_altar_sigil,
          makhleb_blood_cavern_becter, st_stairs_7
D:7:      layout_basic
D:8:      layout_cave_pools, due_lair_maze_entry_diamond,
          nicolae_specific_store, nicolae_benzene_ring
Temple:   corrupted_temple
Lair:1:   layout_misc_corridors, hangedman_tree_tricks, tgw_fedhas

Skill      XL: |  1  2  3  4  5  6  7  8  9 10 |
---------------+-------------------------------+-----
Axes           | 3 5 6 7 8 9 12 | 12.6
Armour         | 3 4 5 6 |  6.1
Fighting       | 3 4 5 6 |  6.1
Invocations    | 2 4 6 |  6.6
Dodging        | 3 |  3.2
Throwing       | |  1.0
Spellcasting   | |  2.0
Translocations | |  2.4

Action                   |  1- 3 |  4- 6 |  7- 9 | 10-12 || total
-------------------------+-------+-------+-------+-------++-------
Melee: Hand axe          |   109 |    88 |   235 |    91 ||   523
       Kick              |    16 |    24 |    90 |    35 ||   165
       Peck              |     9 |    10 |    48 |    21 ||    88
       Punch             |     1 |       |     1 |     3 ||     5
Throw: Boomerang         |     7 |    14 |    34 |    22 ||    77
Invok: Heroism           |       |       |    16 |     4 ||    20
       Finesse           |       |       |       |     1 ||     1
  Use: Scroll            |     6 |     6 |    11 |     3 ||    26
       Potion            |       |       |     5 |       ||     5
Armor: Leather armour    |    21 |       |       |       ||    21
       Ring mail         |     7 |    14 |       |       ||    21
       Plate armour      |       |     6 |   110 |    35 ||   151
Dodge: Dodged            |    61 |    34 |    55 |    16 ||   166

Table legend:
 A = Non-vault XP
 B = Vault XP
 C = Vault XP percentage of total XP
 D = Non-vault monster count
 E = Vault monster count
 F = Vault count percentage of total count
                 A         B        C        D         E       F
            +---------+---------+-------+---------+---------+-------
      Total |    6544 |    1894 |  22.4 |     169 |      32 |  15.9
            +---------+---------+-------+---------+---------+-------
        D:1 |      51 |       0 |   0.0 |      31 |       0 |   0.0
        D:2 |     127 |       0 |   0.0 |      18 |       0 |   0.0
        D:3 |     161 |      21 |  11.5 |      22 |       1 |   4.3
        D:4 |     250 |     539 |  68.3 |      17 |      12 |  41.4
        D:5 |     687 |       0 |   0.0 |      17 |       0 |   0.0
        D:6 |    1277 |     131 |   9.3 |      22 |       9 |  29.0
        D:7 |     945 |       0 |   0.0 |      19 |       0 |   0.0
        D:8 |    1238 |    1203 |  49.3 |      16 |      10 |  38.5
     Lair:1 |    1808 |       0 |   0.0 |       7 |       0 |   0.0
            +---------+---------+-------+---------+---------+-------
